 Dungeon Crawl Stone Soup version 0.17-b1-18-g553e9fc (webtiles) character file.

130 Archanon the Conjurer (level 4, 0/30 HPs)
             Began as a Mummy Wizard on Nov 4, 2015.
             Slain by a hound skeleton (3 damage)
             ... on level 5 of the Dungeon.
             The game lasted 00:18:02 (3597 turns).

Archanon the Conjurer (Mummy Wizard)                Turns: 3597, Time: 00:18:02

Health: 0/30       AC:  2    Str: 10    XL:     4   Next: 90%
Magic:  8/8        EV: 12    Int: 18    God:
Gold:   121        SH:  0    Dex: 10    Spells: 4 memorised, 0 levels left

rFire  x . .     SeeInvis .     m - +1 dagger (drain)
rCold  + . .     Clarity  .     a - +0 robe (curse)
rNeg   + + +     SustAt   .     (no shield)
rPois  ∞         Gourm    .     b - +0 hat
rElec  .         Spirit   .     (no cloak)
rCorr  .         Warding  .     (no gloves)
rMut   .         Stasis   .     (no boots)
MR     .....                    (no amulet)
Stlth  ++........               (no ring)
                                (no ring)

@: not resistant to hostile enchantments, unstealthy
A: no food or potions, fire vulnerability, cold resistance 1, negative energy
resistance 3, torment resistance, unbreathing
a: no special abilities


You were on level 5 of the Dungeon.
You were not hungry.

You visited 1 branch of the dungeon, and saw 5 of its levels.

You collected 121 gold pieces.

Inventory:

Hand Weapons
 m - a +1 dagger of draining (weapon)
Armour
 a - a cursed +0 robe (worn)
 b - a +0 hat (worn)
Wands
 n - a wand of disintegration (5)
Scrolls
 d - a scroll of blinking {unknown}
 e - a scroll of noise {unknown}
 f - 3 scrolls of identify {unknown}
 g - a scroll of amnesia {unknown}
 h - a scroll of recharging {unknown}
 k - a scroll of remove curse {unknown}
 l - a scroll of enchant armour {unknown}
Books
 c - a book of Minor Magic

   Spells                             Type                      Level
   a - Magic Dart                     Conjuration                  1
   b - Blink                          Translocation                2
   c - Call Imp                       Summoning                    2
   d - Repel Missiles                 Charms/Air                   2
   e - Slow                           Hexes                        2
   f - Conjure Flame                  Conjuration/Fire             3
   g - Mephitic Cloud                 Conjuration/Poison/Air       3
Miscellaneous
 i - an ornate deck of destruction
 j - a plain deck of escape


   Skills:
 - Level 1.5 Dodging
 - Level 1.5 Stealth
 - Level 3.0 Spellcasting
 + Level 3.7 Conjurations
   Level 0.7 Summonings
   Level 0.7 Translocations
 + Level 0.1 Air Magic
 + Level 0.7 Poison Magic


You couldn't memorise any spells.
You knew the following spells:

 Your Spells              Type           Power        Failure   Level  Hunger
a - Magic Dart            Conj           ###.         3%          1    N/A
b - Mephitic Cloud        Conj/Pois/Air  #.......     30%         3    N/A
c - Conjure Flame         Conj/Fire      #.......     24%         3    N/A
d - Slow                  Hex            #.......     28%         2    N/A

Dungeon Overview and Level Annotations

Branches:
Dungeon (6/15)
 Temple: D:4-7

Altars:
Nemelex Xobeh

Annotations:
D:5 bezhaha's ghost, novice FoFi


Innate Abilities, Weirdness & Mutations

You do not eat or drink.
Your flesh is vulnerable to fire.
You are immune to poison.
Your flesh is cold resistant.
You are immune to negative energy.
You are immune to unholy pain and torment.
You can survive without breathing.


Message History

The adder bites you. The adder barely misses you. The adder misses you.
Found a scroll labeled LUOFIU CYATT.
The adder closely misses you. The adder closely misses you.
The adder bites you.
* * * LOW HITPOINT WARNING * * *
The hound skeleton bites you.
* * * LOW HITPOINT WARNING * * *
The adder bites you.
* * * LOW HITPOINT WARNING * * *
The hound skeleton bites you.
* * * LOW HITPOINT WARNING * * *
The hound skeleton closely misses you. The hound skeleton bites you.
* * * LOW HITPOINT WARNING * * *
Found a slice of pizza.
Found a stone staircase leading up.
The hound skeleton bites you.
You die...

#####.#.# #.# #.#. ##W#
#.#####.#. ##.##
#.......#. #..?#
######.### #...# #. #...#
#$ #...# ####. #
.####.SZ#####.. ..... #
#.......@....... #..###
............<... ###.....
.%............## #.......
####.#...#.#####......##.
#.#...#.# #.#.#.) #.
#.#...#.# #.... #. #...#
# #.#)# #. ..... ..... #.
###..Y ..


You could see a phantom, an adder and a hound skeleton.

Vanquished Creatures
  2 orc wizards (D:5)
  A gnoll (D:1)
  An adder (D:5)
  2 worms
  4 giant geckos
  2 orcs (D:6)
  2 giant cockroaches
  8 hobgoblins
  4 jackals (D:1)
  8 kobolds
  4 bats
  4 giant newts
  3 goblins
  A quokka (D:3)
  5 rats
51 creatures vanquished.

Notes
Turn   | Place    | Note
--------------------------------------------------------------
     0 | D:1      | Archanon the Mummy Wizard began the quest for the Orb.
     0 | D:1      | Reached XP level 1. HP: 13/13 MP: 4/4
     8 | D:1      | Reached skill level 1 in Conjurations
   261 | D:1      | Reached XP level 2. HP: 19/19 MP: 3/6
  1087 | D:1      | Reached XP level 3. HP: 24/24 MP: 2/7
  1468 | D:2      | Found a faded altar to an unknown god.
  1477 | D:2      | Became a worshipper of Nemelex Xobeh the Trickster
  1477 | D:2      | Received a gift from Nemelex Xobeh
  1477 | D:2      | Reached * piety under Nemelex Xobeh
  1477 | D:2      | Received a gift from Nemelex Xobeh
  1487 | D:2      | Learned a level 3 spell: Mephitic Cloud
  1495 | D:2      | Fell from the grace of Nemelex Xobeh
  1502 | D:2      | Learned a level 3 spell: Conjure Flame
  2067 | D:2      | XOM: harmless Summ miscast
  2693 | D:3      | You fall through a shaft for 3 floors!
  2719 | D:5      | Entered Level 5 of the Dungeon
  2807 | D:5      | Reached XP level 4. HP: 30/30 MP: 4/8
  3335 | D:5      | Noticed an ice beast
  3380 | D:5      | Learned a level 2 spell: Slow
  3558 | D:5      | Noticed bezhaha's ghost (novice FoFi)
  3559 | D:5      | Noticed a phantom
  3597 | D:5      | Slain by a hound skeleton

Action                   |  1- 3 |  4- 6 || total
-------------------------+-------+-------++-------
Melee: Unarmed           |    40 |       ||    40
       Club              |     6 |       ||     6
       Dagger            |    16 |     4 ||    20
 Cast: Magic Dart        |   122 |    18 ||   140
       Mephitic Cloud    |     2 |       ||     2
Invok: Renounce Religion |     1 |       ||     1
Evoke: Wand              |       |     1 ||     1
 Stab: Confused          |     2 |       ||     2
